 Dungeon Crawl Stone Soup version 0.17-a0-530-gbe3d13a (webtiles) character file.

1223 Hanyuu the Covert (level 8, -1/60 HPs)
             Began as a Vampire Assassin on Apr 12, 2015.
             Was a Believer of Dithmenos.
             Slain by a wight
             ... wielding a cursed +1 great sword
              (6 damage)
             ... on level 6 of the Dungeon.
             The game lasted 00:26:51 (6518 turns).

Hanyuu the Covert (Vampire Assassin)                Turns: 6518, Time: 00:26:52

Health: -1/60      AC:  6    Str: 10    XL:     8   Next: 23%
Magic:  8/8        EV: 15    Int: 13    God:    Dithmenos [**....]
Gold:   338        SH:  0    Dex: 18    Spells: 0 memorised, 7 levels left

rFire  . . .     SeeInvis +     L - +1 dagger (vamp)
rCold  + + +     Clarity  .     c - +0 robe
rNeg   + + +     SustAb   .     (no shield)
rPois  +         Gourm    .     J - +2 hat
rElec  .         Spirit   .     d - +1 cloak
rCorr  .         Warding  .     (no gloves)
rMut   .         Stasis   .     (no boots)
MR     .....                    (no amulet)
Stlth  +++++++...               w - ring of teleport control
                                i - ring of protection from cold

@: regenerating slowly, wreathed by umbra, not resistant to hostile
enchantments, extremely stealthy
A: claws 1, fangs 3, see invisible, unbreathing
a: Bat Form, Shadow Step, Renounce Religion, Evoke Teleport Control


You were on level 6 of the Dungeon.
You worshipped Dithmenos.
Dithmenos was pleased with you.
You were near bloodless.

You visited 2 branches of the dungeon, and saw 7 of its levels.
You also visited: Ossuary.

You collected 338 gold pieces.

Inventory:

Hand weapons
 a - a +2 short sword of draining
 b - a +0 blowgun
 y - a +2 dagger
 L - a +1 vampiric dagger (weapon)
Missiles
 e - 15 poisoned needles
 f - 2 curare-tipped needles
 t - 5 needles of slowing
Armour
 c - a +0 robe (worn)
 d - a +1 cloak (worn)
 s - a cursed +0 leather armour
 F - a cursed +2 buckler
 J - a +2 hat (worn)
Jewellery
 i - a ring of protection from cold (left claw)
 w - a ring of teleport control (right claw)
Magical devices
 r - a wand of draining (2)
Scrolls
 h - a scroll of identify
 k - 3 scrolls of random uselessness
 l - 2 scrolls of blinking
 m - a scroll of recharging {unknown}
 n - 3 scrolls of fog
 p - a scroll of remove curse
 q - a scroll of noise {unknown}
 v - a scroll of amnesia
 x - a scroll of immolation {unknown}
 A - a scroll of magic mapping {unknown}
 D - a scroll of teleportation {unknown}
 G - a scroll of fear {unknown}
 H - a scroll of enchant armour
 M - a scroll of enchant weapon {unknown}
 N - a scroll of vulnerability {unknown}
Potions
 g - 2 potions of invisibility
 j - 6 potions of curing
 o - a potion of heal wounds
 u - 2 potions of cancellation
 z - a potion of lignification {unknown}
 B - a potion of ambrosia
 C - 3 potions of brilliance
 E - 3 potions of might
 I - 2 potions of blood
 K - 2 potions of haste
 O - a potion of poison {unknown}


   Skills:
 + Level 4.2 Fighting
 + Level 6.4 Short Blades
 - Level 1.5 Throwing
 + Level 4.7 Dodging
 + Level 10.1 Stealth


You had 7 spell levels left.
You didn't know any spells.

Dungeon Overview and Level Annotations

Branches:
Dungeon (6/15)             Temple (1/1) D:4

Altars:
Dithmenos
Nemelex Xobeh
Qazlal
Vehumet
Yredelemnul
The Shining One

Annotations:
D:6 Eustachio


Innate Abilities, Weirdness & Mutations

You heal slowly.
You have razor-sharp teeth.
You have supernaturally acute eyesight.
You can survive without breathing.
You have sharp fingernails.


Message History

The wight is almost destroyed.
The wight hits you with an enchanted great sword!
* * * LOW HITPOINT WARNING * * *
You are too injured to fight recklessly!
You are too injured to fight recklessly!
You are too injured to fight recklessly!
You hit the wight but do no damage.
The wight is almost destroyed.
You hit the wight but do no damage.
The wight is almost destroyed.
The wight completely misses you.
You hit the wight but do no damage. You bite the wight, but do no damage.
The wight is almost destroyed.
You hit the wight but do no damage.
The wight is almost destroyed.
The wight hits you with an enchanted great sword!
* * * LOW HITPOINT WARNING * * *
There is an escape hatch in the floor here.
The wight hits you with an enchanted great sword.
You die...

#..# #...%.....#.# #..#
#.#######.#.#####.# .
#..###....รท).#.#.......# #@
#.....######.#.#.##########.
#.###......#.#.#.........##.
.......z.z.)..........>#<##.
###....###.#/#.#.#####...##.
# ###....#
#z#.#...#........#.#####
....#..#
#.#...z@..###.#..#.#....
.......#
#.###.#######.#..#......
.......#
#..zz....@....#..###.##.
.......# #####.#########..#
#.##. ###.#..## #.# #..#
#.##. ........# #.# #..#
#.##. ###.#.#.#### #.# #..#
#.##. ....#...... ..#
##..###.### .#[.####.####...
+..........


You could see 3 wights.

Vanquished Creatures
  2 ogres
  An ice beast (D:5)
  A sky beast (D:5)
  2 wights (D:6)
  A crimson imp (D:4)
  2 centaur zombies (Ossuary)
  3 jellies (D:5)
  A giant frog skeleton (D:4)
  An iguana (D:6)
  A worker ant (D:4)
  A centaur skeleton (D:5)
  5 orc wizards
  3 ogre zombies (Ossuary)
  7 mummies (Ossuary)
  5 adders
  2 worms
  4 adder zombies (Ossuary)
  6 giant geckos
  An ooze (D:1)
  19 orcs
  2 ball pythons (D:1)
  9 bats
  A bat skeleton (D:4)
  A bat zombie (D:6)
  4 giant cockroaches
  10 hobgoblins
  11 kobolds
  2 quokkas
  5 giant newts
  11 goblins
  3 goblin zombies (Ossuary)
  12 hobgoblin zombies
  3 kobold zombies
  An orc zombie (D:4)
  2 quokka zombies (Ossuary)
  9 rats
  5 rat zombies (Ossuary)
159 creatures vanquished.

Notes
Turn   | Place    | Note
--------------------------------------------------------------
     0 | D:1      | Hanyuu, the Vampire Assassin, began the quest for the Orb.
     0 | D:1      | Reached XP level 1. HP: 16/16 MP: 1/1
    39 | D:1      | Reached skill level 6 in Stealth
    46 | D:1      | Reached XP level 2. HP: 5/22 MP: 2/2
   650 | D:1      | Reached XP level 3. HP: 23/27 MP: 3/3
   995 | D:2      | Found a sparkling altar of Nemelex Xobeh.
  1077 | D:2      | Found a radiant altar of Vehumet.
  1147 | D:2      | Found a basalt altar of Yredelemnul.
  1812 | D:3      | Reached skill level 7 in Stealth
  1812 | D:3      | Reached XP level 4. HP: 32/34 MP: 4/4
  2536 | D:4      | Reached XP level 5. HP: 39/39 MP: 5/5
  2556 | D:4      | Noticed an ogre
  2582 | D:4      | Killed an ogre
  2638 | D:4      | Reached XP level 6. HP: 8/46 MP: 6/6
  3130 | D:4      | Reached skill level 8 in Stealth
  3210 | D:4      | Found a glowing golden altar of the Shining One.
  3526 | D:4      | Reached skill level 5 in Short Blades
  3540 | D:4      | Gained mutation: You have sharp fingernails. [potion of beneficial mutation]
  3546 | D:4      | Found a staircase to the Ecumenical Temple.
  3583 | Temple   | Entered the Ecumenical Temple
  3594 | Temple   | Became a worshipper of Dithmenos the Shadowed
  3808 | D:5      | Entered Level 5 of the Dungeon
  3943 | D:5      | Reached XP level 7. HP: 18/52 MP: 7/7
  4406 | D:5      | Reached skill level 9 in Stealth
  5122 | D:6      | Found a sand-covered staircase.
  5132 | Ossuary  | Entered an ossuary
  5837 | Ossuary  | Acquired Dithmenos's first power
  5869 | D:6      | Noticed Eustachio
  6204 | D:6      | Reached XP level 8. HP: 42/60 MP: 8/8
  6352 | D:6      | Reached skill level 10 in Stealth
  6420 | D:6      | Found a stormy altar of Qazlal.
  6483 | D:6      | HP: 2/60 [wight/enchanted great sword (17)]
  6518 | D:6      | Slain by a wight

Action                   |  1- 3 |  4- 6 |  7- 9 || total
-------------------------+-------+-------+-------++-------
Melee: Dagger            |    84 |   195 |   251 ||   530
       Short sword       |       |     4 |    43 ||    47
 Fire: Blowgun           |     2 |    28 |    10 ||    40
 Abil: End Transformatio |       |     1 |       ||     1
       Bat Form          |       |     1 |       ||     1
  Use: Scroll            |     1 |     4 |    13 ||    18
       Potion            |       |     9 |     2 ||    11
 Stab: Sleeping          |    11 |    21 |    24 ||    56
       Distracted        |     1 |     2 |       ||     3
  Eat: Corpse            |     2 |       |     1 ||     3
